 Dungeon Crawl Stone Soup version 0.21.1-1-g345015fe64 (webtiles) character file.

83080 Gargoyl the Cleaver (level 15, -4/128 HPs)
             Began as a Centaur Abyssal Knight on Apr 26, 2018.
             Was the Champion of Lugonu.
             Slain by a flayed ghost (10 damage)
             ... on level 14 of the Dungeon on Apr 27, 2018.
             The game lasted 01:06:13 (30283 turns).

Gargoyl the Cleaver (Centaur Abyssal Knight)       Turns: 30283, Time: 01:06:14

Health: -4/128     AC: 28    Str: 19    XL:     15   Next: 31%
Magic:  13/24      EV:  5    Int: 11    God:    Lugonu [******]
Gold:   2254       SH:  5    Dex: 15    Spells: 14/14 levels left

rFire    + . .     SeeInvis .   R - +0 broad axe (flame)
rCold    . . .     Gourm    .   H - +0 buckler of Youthful Indiscretion {rF+ Dex+4}
rNeg     . . .     Faith    .   J - +2 plate armour {rPois}
rPois    +         Spirit   .   d - +2 hat {MR+}
rElec    .         Reflect  .   g - scarf {repulsion}
rCorr    .         Harm     .   i - +2 pair of gloves
MR       +++..     Clarity  +   (no barding)
Stlth    ..........             j - amulet of regeneration
HPRegen  0.71/turn              u - ring of protection from magic
MPRegen  0.19/turn              N - +5 ring of protection

@: flayed, repel missiles, very quick
A: large, hooves 3, molten scales 1, clarity, deformed body, speed 2, tough skin
3
a: Depart the Abyss, Bend Space, Banish, Corrupt, Enter the Abyss, Brand Weapon
With Distortion, Renounce Religion


You were on level 14 of the Dungeon.
You worshipped Lugonu.
Lugonu was exalted by your worship.
You were very hungry.

You visited 3 branches of the dungeon, and saw 23 of its levels.
You visited the Abyss 1 time.
You also visited: Sewer.

You collected 2875 gold pieces.
You spent 621 gold pieces at shops.

Inventory:

Hand Weapons
 a - a +2 hand axe
 r - a +3 war axe of flaming
 R - a +0 broad axe of flaming (weapon)
Missiles
 k - 2 silver tomahawks (quivered)
 O - 5 javelins
Armour
 d - a +2 hat of magic resistance (worn)
 g - a scarf of repulsion (worn)
 i - a +2 pair of gloves (worn)
 H - the +0 buckler of Youthful Indiscretion (worn) {rF+ Dex+4}
   (You found it on level 8 of the Dungeon)

   It affects your dexterity (+4).
   It protects you from fire.
 J - a +2 plate armour of poison resistance (worn)
Jewellery
 j - an amulet of regeneration (around neck)
 t - an uncursed ring of see invisible
 u - a ring of protection from magic (left hand)
 D - an uncursed ring of flight
 N - a +5 ring of protection (right hand)
Wands
 e - a wand of iceblast (4)
 n - a wand of clouds (4)
 v - a wand of polymorph (28)
 z - a wand of flame (85)
 C - a wand of paralysis (19)
 E - a wand of random effects (87)
 G - a wand of disintegration (6)
Scrolls
 l - 3 scrolls of fog
 p - 6 scrolls of identify
 q - 4 scrolls of teleportation
 s - 11 scrolls of remove curse
 y - 4 scrolls of amnesia
 I - 4 scrolls of blinking
 Q - a scroll of magic mapping
 S - a scroll of fear {unknown}
Potions
 b - 3 potions of agility
 h - 3 potions of curing
 o - 5 potions of flight
 w - 4 potions of brilliance
 x - a potion of resistance
 A - a potion of cancellation
 B - a potion of invisibility
 K - a potion of haste
 L - a potion of might
 M - 2 potions of degeneration
Books
 m - a book of Beasts

   Spells                             Type                      Level
   a - Summon Butterflies             Summoning                    1
   b - Call Canine Familiar           Summoning                    3
   c - Summon Ice Beast               Ice/Summoning                4
   d - Summon Mana Viper              Hexes/Summoning              5
   e - Summon Hydra                   Summoning                    7
 F - a book of Maledictions

   Spells                             Type                      Level
   a - Corona                         Hexes                        1
   b - Ensorcelled Hibernation        Hexes/Ice                    2
   c - Confuse                        Hexes                        3
   d - Tukima's Dance                 Hexes                        3
   e - Dazzling Spray                 Conjuration/Hexes            3
 T - a book of Minor Magic

   Spells                             Type                      Level
   a - Magic Dart                     Conjuration                  1
   b - Blink                          Translocation                2
   c - Call Imp                       Summoning                    2
   d - Slow                           Hexes                        2
   e - Conjure Flame                  Conjuration/Fire             3
   f - Mephitic Cloud                 Conjuration/Poison/Air       3
Miscellaneous
 f - 2 boxes of beasts
Comestibles
 c - 27 rations


   Skills:
 + Level 10.6 Fighting
 + Level 13.5 Axes
 + Level 3.2 Throwing
 * Level 12.4 Armour
 + Level 2.4 Dodging
 + Level 3.8 Shields
 * Level 13.0 Invocations
 + Level 0.1 Evocations


You had 14 spell levels left.
You didn't know any spells.

Dungeon Overview and Level Annotations

Branches:
Dungeon (15/15)            Temple (0/1) D:5            Lair (6/6) D:9
 Shoals (0/4) Lair:3       Spider (0/4) Lair:4        Slime (0/5) Lair:6
    Orc (2/2) D:12            Elf (0/3) Orc:2        Vaults (0/5) D:13
 Depths (0/5) D:15

Altars:
Ru
Vehumet
Beogh
Jiyva

Shops:
D:14 (   Orc:2 !*!?


Innate Abilities, Weirdness & Mutations

You have hooves in place of feet.
Armour fits poorly on your strangely shaped body.
You cover ground very quickly.
You have extremely tough skin. (AC +3)
You are partially covered in molten scales. (AC +2)
You possess an exceptional clarity of mind.


Message History

You hit the skeletal warrior but do no damage.
The flayed ghost hits you!
* * * LOW HITPOINT WARNING * * *
The skeletal warrior hits you but does no damage.
You feel better.
You are feeling very hungry.
The flayed ghost hits you!
* * * LOW HITPOINT WARNING * * *
Press: ? - help, Shift-Dir - straight line, f/p - flayed ghost
Aim: a flayed ghost (almost destroyed, chance to defeat MR: 61%)
The flayed ghost resists with significant effort.
You feel somewhat more hungry.
The skeletal warrior hits you with a halberd.
* * * LOW HITPOINT WARNING * * *
You block the flayed ghost's attack.
You feel better.
The skeletal warrior hits you with a halberd!!
* * * LOW HITPOINT WARNING * * *
The flayed ghost hits you!
You die...

#.......######.....
#.......# ######
#.......# #.
##...#### #.
#####..### ######'
#........# #......
#........### #......
#..).....'.###......
#..@W....#..##......
#.z......##.##......
#........##..#......
#######'####.'......
#..# ###...... #.##
####### #.# #
###'### ##
#.....#### #.


You could see a skeletal warrior and a flayed ghost.

Vanquished Creatures
  Kirke (Lair:5)
  Gastronok (D:8)
  3 hydras
  Harold (Lair:4)
  The ghost of DildoBatman the Blocker, a journeyman FoWz of Kikubaaqudgha (D:10)
  3 two-headed ogres
  6 centaur warriors
  A death yak (Lair:5)
  A tengu warrior (D:14)
  Nergalle (D:10)
  7 skeletal warriors
  3 unseen horrors
  5 orc knights
  2 orc sorcerers
  5 ugly things
  A manticore (D:15)
  2 merfolk sirens (Lair:3)
  3 centaur zombies
  A black mamba (Lair:6)
  8 spiny frogs
  A torpor snail (Lair:3)
  A spriggan zombie (D:15)
  6 komodo dragons
  2 ice devils (D:12)
  5 rime drakes
  3 trolls
  A tengu conjurer (D:14)
  2 jumping spiders (Lair:4)
  6 polar bears (Lair:6)
  A merfolk (Lair:3)
  3 hornets
  18 slime creatures
  22 blink frogs
  11 dream sheep
  9 hippogriffs
  A shadow (D:11)
  3 wyverns
  7 redbacks (Lair:4)
  13 spriggans
  4 wraiths
  2 water elementals
  Grum (D:10)
  2 basilisks
  30 yaks
  6 hogs
  A human (D:8)
  A hungry ghost (D:12)
  6 wargs
  3 vampire mosquitoes (D:14)
  3 acid dragons
  A soldier ant (D:14)
  11 water moccasins
  7 porcupines
  7 ice beasts
  6 black bears
  36 orc warriors
  4 phantoms
  2 eyes of draining
  12 ogres
  2 boggarts (Lair:6)
  33 wolves
  14 centaurs
  8 crocodiles
  3 big kobolds
  14 bullfrogs
  A scorpion (D:5)
  2 troll zombies (D:12)
  3 howler monkeys (D:9)
  An electric eel (D:12)
  4 crimson imps
  A lava snake (D:14)
  3 quasits
  A bullfrog zombie (D:11)
  A jelly (D:12)
  7 hounds
  4 bullfrog skeletons
  11 orc priests
  4 centaur skeletons
  21 orc wizards
  2 iguanas
  15 worker ants
  6 hell rats (Lair:4)
  4 ogre zombies (D:12)
  A hound zombie (D:9)
  A hound skeleton (D:11)
  11 gnolls
  6 adders
  4 shadow imps
  2 oozes (Sewer)
  An adder zombie (D:10)
  An adder skeleton (D:7)
  A worm (D:4)
  2 leopard geckos
  86 orcs
  6 bats
  3 giant cockroaches
  9 goblins
  2 hobgoblins (D:3)
  5 jackals (D:5)
  2 quokkas
  8 ball pythons
  4 frilled lizards
  3 goblin zombies (D:12)
  3 hobgoblin zombies (D:12)
  26 kobolds
  2 leopard gecko skeletons
  2 orc skeletons (D:12)
  11 orc zombies (D:12)
  A quokka skeleton (D:4)
  6 rats
  3 fungi (Lair:6)
  A plant (Lair:6)
694 creatures vanquished.

Vanquished Creatures (others)
  An ettin (D:13)
  A fire dragon (Lair:4)
  2 hydras
  A two-headed ogre (D:7)
  A death yak (Lair:5)
  A spriggan rider (Lair:6)
  An unseen horror (D:12)
  An ugly thing (D:15)
  2 black mambas
  A spiny frog (Lair:5)
  A komodo dragon (Lair:3)
  A merfolk (Lair:3)
  A yak (D:9)
  2 wolves (Lair:1)
  A hell rat (Lair:4)
  23 fungi
  12 plants
  A withered plant (D:15)
54 creatures vanquished.

Grand Total: 748 creatures vanquished

Notes
Turn   | Place    | Note
-------+----------+-------------------------------------------
     0 | Abyss:1  | Gargoyl the Centaur Abyssal Knight began the quest for the Orb.
     0 | Abyss:1  | Reached XP level 1. HP: 19/19 MP: 2/2
   113 | Abyss:2  | Noticed a wretched star
   114 | D:1      | Escaped the Abyss
   307 | D:1      | Reached * piety under Lugonu
   307 | D:1      | Reached XP level 2. HP: 24/26 MP: 3/3
  1507 | D:2      | Reached XP level 3. HP: 25/31 MP: 4/4
  2115 | D:3      | Reached XP level 4. HP: 38/38 MP: 6/6
  2155 | D:3      | Found a sacrificial altar of Ru.
  3237 | D:4      | Noticed a bullfrog
  3250 | D:4      | Killed a bullfrog
  3250 | D:4      | Reached XP level 5. HP: 7/46 MP: 7/7
  3619 | D:4      | Noticed a phantom
  3653 | D:4      | Killed a phantom
  3653 | D:4      | Reached XP level 6. HP: 43/52 MP: 8/8
  3791 | D:4      | Found a glowing drain.
  3813 | Sewer    | Entered a sewer
  3829 | Sewer    | Reached ** piety under Lugonu
  4191 | Sewer    | Reached XP level 7. HP: 59/59 MP: 9/9
  4909 | D:5      | Entered Level 5 of the Dungeon
  4984 | D:5      | Found a radiant altar of Vehumet.
  5068 | D:5      | Reached *** piety under Lugonu
  5373 | D:5      | Found a staircase to the Ecumenical Temple.
  5456 | D:5      | Reached XP level 8. HP: 67/67 MP: 11/11
  5690 | D:5      | Reached skill level 5 in Axes
  6203 | D:6      | Reached skill level 1 in Throwing
  6515 | D:6      | Reached skill level 5 in Armour
  6805 | D:7      | Reached skill level 1 in Dodging
  6925 | D:7      | Noticed a two-headed ogre
  6937 | D:7      | Banished a two-headed ogre
  6937 | D:7      | Reached skill level 5 in Invocations
  7181 | D:7      | Reached skill level 5 in Fighting
  7409 | D:8      | Reached XP level 9. HP: 63/74 MP: 13/13
  7500 | D:8      | Got a faintly humming buckler
  7506 | D:8      | Identified the +0 buckler of Youthful Indiscretion {rF+ Dex+4} (You found it on level 8 of the Dungeon)
  7956 | D:8      | Noticed Gastronok
  7987 | D:8      | Killed Gastronok
  7987 | D:8      | Reached XP level 10. HP: 41/83 MP: 8/15
  8991 | D:9      | Found a staircase to the Lair.
  9447 | Lair:1   | Entered Level 1 of the Lair of Beasts
  9517 | Lair:1   | Noticed a black mamba
  9530 | Lair:1   | Reached **** piety under Lugonu
  9530 | Lair:1   | Banished a black mamba
  9565 | Lair:1   | Reached skill level 1 in Shields
  9869 | Lair:1   | Reached XP level 11. HP: 35/91 MP: 17/17
 11866 | Lair:3   | Gained mutation: You possess an exceptional clarity of mind. [potion of mutation]
 11866 | Lair:3   | Gained mutation: You are partially covered in molten scales. (AC +2) [potion of mutation]
 11872 | Lair:3   | Noticed a six-headed hydra
 11953 | Lair:2   | Banished a six-headed hydra
 12125 | Lair:3   | HP: 2/91 [merfolk/tomahawk (5)]
 13182 | Lair:3   | Found a staircase to the Shoals.
 13710 | Lair:4   | Noticed an eight-headed hydra
 13718 | Lair:4   | Banished an eight-headed hydra
 13718 | Lair:4   | Reached XP level 12. HP: 100/100 MP: 7/19
 13938 | Lair:4   | Reached skill level 10 in Axes
 14540 | Lair:4   | Found a hole to the Spider Nest.
 15211 | Lair:4   | Reached skill level 10 in Invocations
 15503 | Lair:4   | Noticed Harold
 15510 | Lair:4   | Reached skill level 10 in Armour
 15536 | Lair:4   | Noticed a fire dragon
 15537 | Lair:4   | Noticed an eight-headed hydra
 15724 | Lair:4   | Killed Harold
 16245 | Lair:4   | Banished an eight-headed hydra
 16280 | Lair:4   | Banished a fire dragon
 16971 | Lair:5   | Noticed Kirke
 17117 | Lair:5   | Killed Kirke
 17191 | Lair:5   | Noticed a death yak
 17192 | Lair:5   | Noticed a death yak
 17220 | Lair:5   | Noticed a death yak
 17234 | Lair:5   | Killed a death yak
 17234 | Lair:5   | Reached XP level 13. HP: 52/107 MP: 20/20
 17531 | Lair:6   | Entered Level 6 of the Lair of Beasts
 21105 | Lair:6   | Found a staircase to the Slime Pits.
 21106 | Lair:6   | Found a viscous altar of Jiyva.
 21422 | D:10     | Entered Level 10 of the Dungeon
 21422 | D:10     | Noticed Nergalle
 21557 | D:10     | Killed Nergalle
 21598 | D:10     | Noticed DildoBatman's ghost (journeyman FoWz)
 21620 | D:10     | Killed DildoBatman's ghost
 21972 | D:10     | Noticed Grum
 21985 | D:10     | Killed Grum
 22491 | D:11     | Reached XP level 14. HP: 115/118 MP: 22/22
 22931 | D:12     | Reached ***** piety under Lugonu
 23528 | D:12     | Found a staircase to the Orcish Mines.
 24618 | D:13     | Found a gate to the Vaults.
 25604 | Orc:1    | Entered Level 1 of the Orcish Mines
 25772 | Orc:1    | Reached skill level 10 in Fighting
 25835 | Orc:2    | Entered Level 2 of the Orcish Mines
 25886 | Orc:1    | Reached ****** piety under Lugonu
 26526 | Orc:2    | Found Qasuxt's Distillery.
 26526 | Orc:2    | Found Yghuaxer's Assorted Antiques.
 26952 | Orc:2    | Bought a potion of heal wounds for 90 gold pieces
 27160 | Orc:2    | Found Qizumiu's Distillery.
 27160 | Orc:2    | Found Rax Veo's Magic Scroll Shop.
 27171 | Orc:2    | Found a roughly hewn altar of Beogh.
 27375 | Orc:2    | Found a staircase to the Elven Halls.
 27447 | Orc:2    | Bought a scroll of blinking for 112 gold pieces
 27447 | Orc:2    | Bought a scroll of teleportation for 45 gold pieces
 27447 | Orc:2    | Bought a scroll of enchant armour for 112 gold pieces
 27447 | Orc:2    | Bought a scroll of blinking for 112 gold pieces
 28144 | Orc:2    | Bought a fine turquoise ring for 150 gold pieces
 28145 | Orc:2    | Identified the ring "Quatuuh" {Fire *Corrode Slay+2 Stlth+} (You bought it in a shop on level 2 of the Orcish Mines)
 28325 | D:14     | Found Cosk's Weapon Shop.
 28681 | D:14     | Reached XP level 15. HP: 107/128 MP: 24/24
 29433 | D:15     | Entered Level 15 of the Dungeon
 30061 | D:15     | Found a staircase to the Depths.
 30283 | D:14     | HP: 6/128 [skeletal warrior/halberd[a skeletal warrior] (18)]
 30283 | D:14     | Slain by a flayed ghost

Skill      XL: |  1  2  3  4  5  6  7  8  9 10 11 12 13 14 15 |
---------------+----------------------------------------------+-----
Axes           | 2 3 4 6 7 8 9 10 11 13 | 13.5
Armour         | 2 3 4 5 7 8 9 10 11 12 | 12.4
Invocations    | 3 4 5 6 8 9 10 11 12 13 | 13.0
Fighting       | 4 5 6 7 8 9 10 | 10.6
Throwing       | 1 2 3 |  3.2
Dodging        | 1 2 |  2.4
Shields        | 1 2 3 |  3.8
Evocations     | |  0.1

Action                   |  1- 3 |  4- 6 |  7- 9 | 10-12 | 13-15 || total
-------------------------+-------+-------+-------+-------+-------++-------
Melee: Hand axe          |    80 |       |       |       |       ||    80
       Kick              |     9 |    32 |    73 |   261 |   552 ||   927
       War axe           |     8 |   147 |   266 |   866 |  1407 ||  2694
       Broad axe         |       |       |       |       |   234 ||   234
Throw: Tomahawk          |       |     3 |    15 |    36 |    20 ||    74
       Javelin           |       |       |       |       |    11 ||    11
Invok: Depart the Abyss  |     1 |       |       |       |       ||     1
       Banish            |       |       |     3 |    17 |    18 ||    38
       Bend Space        |       |       |       |     1 |     3 ||     4
Evoke: Wand              |       |       |       |       |     8 ||     8
  Use: Scroll            |     8 |     2 |     6 |     6 |    11 ||    33
       Potion            |     2 |     2 |     4 |    15 |     6 ||    29
 Stab: Invisible         |       |       |       |     3 |     2 ||     5
       Distracted        |       |       |       |       |     1 ||     1
  Eat: Chunk             |     2 |     6 |    10 |    15 |    32 ||    65
       Ration            |       |       |       |     5 |     4 ||     9
Armor: Plate armour      |    94 |   192 |   283 |   827 |  1242 ||  2638
Dodge: Dodged            |     8 |    21 |    46 |   222 |   403 ||   700
       Deflected         |       |     1 |     3 |     1 |    25 ||    30
Block: Buckler           |       |       |     8 |   183 |   370 ||   561
